 Dungeon Crawl Stone Soup version 0.21-a0-178-g0b87683 (webtiles) character file.

417 Leszczynek the Ruffian (level 6, -1/55 HPs)
             Began as a Troll Skald on Aug 9, 2017.
             Was a Believer of Elyvilon.
             Killed from afar by an orc wizard (6 damage)
             ... with a magic dart
             ... on level 6 of the Dungeon.
             The game lasted 00:05:17 (1025 turns).

Leszczynek the Ruffian (Troll Skald)                Turns: 1025, Time: 00:05:17

Health: -1/55      AC:  5    Str: 25    XL:     6   Next: 61%
Magic:  6/6        EV: 10    Int: 10    God:    Elyvilon [**....]
Gold:   103        SH:  0    Dex: 10    Spells: 4/7 levels left

rFire    . . .     SeeInvis .     - Unarmed
rCold    . . .     Gourm    +   (no shield)
rNeg     . . .     Faith    .   a - +0 robe
rPois    .         Spirit   .   (helmet restricted)
rElec    .         Reflect  .   (no cloak)
rCorr    .         Harm     .   (gloves unavailable)
MR       .....                  (boots unavailable)
Stlth    ++........             (no amulet)
HPRegen  0.58/turn              m - ring of stealth
MPRegen  0.10/turn              n - ring of wizardry

@: mighty, slowed, very slow
A: unfitting armour, claws 3, fast metabolism 3, gourmand, regeneration 1,
shaggy fur 1, tough skin 2
a: Lesser Healing, Heal Other, Divine Protection, Renounce Religion


You were on level 6 of the Dungeon.
You worshipped Elyvilon.
Elyvilon was pleased with you.
You were very full.

You visited 1 branch of the dungeon, and saw 6 of its levels.

You collected 103 gold pieces.

Inventory:

Missiles
 p - 2 tomahawks (quivered)
 v - 5 curare-tipped needles
Armour
 a - a +0 robe (worn)
Jewellery
 m - a ring of stealth (left claw)
 n - a ring of wizardry (right claw)
Wands
 q - a wand of enslavement (13/24)
Scrolls
 f - a scroll of blinking {unknown}
 h - a scroll of remove curse {@r2}
 k - a scroll of enchant weapon
 l - a scroll of identify {@r1}
 s - a scroll of fog {unknown}
Potions
 e - a potion of magic {unknown}
 i - a potion of curing {unknown}
 j - a potion of mutation {unknown}
 r - a potion of haste {unknown}
 t - a potion of brilliance {unknown}
 u - a potion of lignification {unknown}
Books
 b - a book of Battle

   Spells                             Type                      Level
   a - Infusion                       Charms                       1
   b - Shroud of Golubria             Charms/Translocation         2
   c - Song of Slaying                Charms                       2
   d - Spectral Weapon                Hexes/Charms                 3
   e - Regeneration                   Charms/Necromancy            3
Comestibles
 c - 3 chunks of flesh
 d - 4 bread rations
 g - a meat ration


   Skills:
 - Level 1.5 Fighting
 - Level 1.9 Dodging
 + Level 7.2 Unarmed Combat
 - Level 1.2 Spellcasting
 - Level 2.0 Charms


You had 4 spell levels left.
You knew the following spells:

 Your Spells              Type           Power        Failure   Level  Hunger
a - Infusion              Chrm           #...         6%          1    ##.....
b - Shroud of Golubria    Chrm/Tloc      #.........   14%         2    ###....


Dungeon Overview and Level Annotations

Branches:
Dungeon (6/15)             Temple (0/1) D:5

Altars:
Elyvilon
Gozag
Nemelex Xobeh
Uskayaw
Zin


Innate Abilities, Weirdness & Mutations

You are too large for most types of armour.
You have claws for hands.
Your metabolism is lightning-fast.
You like to eat raw meat.
Your natural rate of healing is unusually fast.
You are covered in fur. (AC +1)
You have very tough skin. (AC +2)


Message History

Unknown command.
As you read the scroll labeled XOUZXO ANAVE, it crumbles to dust.
It is a scroll of identify.
k - a scroll of enchant weapon The orc wizard casts a spell at you.
The magic dart hits you!
* * * LOW HITPOINT WARNING * * *
The orc wizard hits you with a dagger.
* * * LOW HITPOINT WARNING * * *
An orc priest comes into view. It is wielding a dagger.
It was a potion of might.
You feel very mighty all of a sudden. The orc wizard hits you with a dagger.
* * * LOW HITPOINT WARNING * * *
The orc wizard barely misses you.
The orc priest moves out of view.
The orc wizard gestures wildly while chanting.
The orc wizard blinks!
The orc wizard casts a spell at you. The magic dart hits you!
You die...

#..........#
#..........#
####......(o..#
$...........?.#
..............#####
......o............
........W....ยง#
..............#######.
........o...o@.....?.>
...o#######.o...#####
... #####.# ..
####.###### .
#.........#
#.........#
#.........#
#.........#
#.........#


You could see a phantom, 3 orc wizards and 2 orcs.

Vanquished Creatures
  A phantom (D:4)
  A centaur (D:6)
  2 bullfrogs (D:6)
  A crimson imp (D:6)
  A worker ant (D:4)
  3 adders
  A shadow imp (D:5)
  An ooze (D:5)
  An orc (D:4)
  2 bats
  3 giant cockroaches
  2 goblins
  3 hobgoblins
  7 jackals
  A frilled lizard (D:1)
  A kobold (D:2)
31 creatures vanquished.

Notes
Turn   | Place    | Note
-------+----------+-------------------------------------------
     0 | D:1      | Leszczynek the Troll Skald began the quest for the Orb.
     0 | D:1      | Reached XP level 1. HP: 19/19 MP: 1/1
   148 | D:2      | Reached XP level 2. HP: 27/27 MP: 2/2
   152 | D:2      | Learned a level 2 spell: Shroud of Golubria
   158 | D:2      | Found a white marble altar of Elyvilon.
   179 | D:2      | Became a worshipper of Elyvilon the Healer
   235 | D:3      | Reached skill level 3 in Unarmed Combat
   319 | D:4      | Reached skill level 4 in Unarmed Combat
   319 | D:4      | Reached XP level 3. HP: 24/33 MP: 3/3
   363 | D:3      | Reached * piety under Elyvilon
   443 | D:5      | Entered Level 5 of the Dungeon
   505 | D:6      | Noticed an orc warrior
   526 | D:4      | Noticed a phantom
   561 | D:4      | Killed a phantom
   561 | D:4      | Reached skill level 5 in Unarmed Combat
   561 | D:4      | Reached XP level 4. HP: 31/41 MP: 4/4
   561 | D:4      | Reached XP level 5. HP: 36/48 MP: 5/5
   636 | D:5      | Found an opulent altar of Gozag.
   637 | D:5      | Found a glowing silver altar of Zin.
   661 | D:6      | Noticed a centaur
   684 | D:6      | Killed a centaur
   684 | D:6      | Reached skill level 6 in Unarmed Combat
   686 | D:6      | Reached XP level 6. HP: 47/55 MP: 6/6
   725 | D:6      | Found a sparkling altar of Nemelex Xobeh.
   767 | D:6      | Noticed a two-headed ogre
   863 | D:5      | Found a staircase to the Ecumenical Temple.
   901 | D:5      | Noticed a hand axe
   902 | D:5      | Noticed a hand axe
   902 | D:5      | Found a hide-covered altar of Uskayaw.
   966 | D:6      | Reached skill level 7 in Unarmed Combat
   981 | D:6      | Reached ** piety under Elyvilon
  1024 | D:6      | HP: 9/55 [orc wizard/magic dart (6)]
  1025 | D:6      | Killed from afar by an orc wizard

Vault maps used:
D:1:      lemuel_arrival_room, corner_web_ring, corexii_leaking_fountain,
          minmay_pentomino_v2
D:2:      elyvilon_altar_3, cheibriados_altar_1, dk_noncrumbling_4,
          minmay_snake_closets
D:4:      nicolae_overflow_crystal_walls, lemuel_crystal_altar, first_bread
D:5:      grunt_temple_overflow_gold_and_silver, kennysheep_little_box,
          dancing_weapons_uskayaw, lemuel_round_altar,
          minmay_temple_entry_overgrown
D:6:      nemelex_lonely_heart_becter

Skill      XL: |  1  2  3  4  5  6 |
---------------+-------------------+-----
Unarmed Combat | 4 5 6 7 |  7.2
Fighting       | |  1.5
Dodging        | |  1.9
Spellcasting   | |  1.2
Charms         | |  2.0

Action                   |  1- 3 |  4- 6 || total
-------------------------+-------+-------++-------
Melee: Unarmed           |    72 |    45 ||   117
       Punch             |     1 |     1 ||     2
 Cast: Shroud of Golubri |     1 |       ||     1
  Use: Scroll            |       |     2 ||     2
       Potion            |       |     1 ||     1
  Eat: Chunk             |     9 |     4 ||    13
Armor: Robe              |    23 |    16 ||    39
Dodge: Dodged            |    37 |    27 ||    64
